AoeStats
← No 1

Black Forest

505840887Analyzed
4v4 RM · 2mo ago on Sep 11, 2026· 45m 44s· 8 players
Game mode
Random Map
Map size
Large (8 player)
Population
200
Speed
Normal
Resources
Standard
Victory
Conquest
Starting age
Dark Age
Ending age
Imperial Age
RankedLock teamsTeams togetherTeam positionsShared explorationLock speedFull tech treeHidden civsTurbo modeCheats
Victory
Defeat
🇲🇰 Italians · North Macedonia
1318
+15
🇩🇰 Turks · Denmark
1311
+15
🇩🇪 Mongols · Germany
1273
+17
🇪🇸 Bulgarians · Spain
1216
+20
vs
🇹🇼 Spanish · Taiwan
1329
-18
🇨🇳 Persians · China
1314
-18
🇮🇳 Franks · India
1272
-16
🇰🇷 Khitans · South Korea
1263
-15
genehung9
0:29 Loom
13:35 Feudal Age
17:14 Castle Age
15:28 Horse Collar
15:37 Double-Bit Axe
18:23 Town Watch
19:46 Scale Barding Armor
26:05 Wheelbarrow
25:58 Redemption
25:51 Gold Mining
26:15 Husbandry
26:53 Bloodlines
27:52 Chain Barding Armor
32:07 Fervor
33:45 Elite Skirmisher
36:34 Thumb Ring
39:09 Imperial Age
38:10 Sanctity
37:51 Fletching
38:02 Padded Archer Armor
38:55 Bodkin Arrow
42:03 Bracer
42:19 Leather Archer Armor
43:10 Chemistry
42:30 Ballistics
43:10 Hand Cart
snek_fan
0:29 Loom
11:17 Feudal Age
15:13 Castle Age
14:15 Double-Bit Axe
20:29 Bow Saw
22:34 Wheelbarrow
22:28 Gold Mining
22:33 Stone Mining
23:11 Town Watch
26:15 Hand Cart
30:17 Imperial Age
29:14 Husbandry
30:35 Scale Barding Armor
30:42 Forging
30:54 Ballistics
30:25 Cavalier
32:02 Chain Barding Armor
32:40 Masonry
32:35 Paladin
33:44 Fletching
34:18 Murder Holes
35:26 Chivalry
36:54 Chemistry
37:25 Plate Barding Armor
40:10 Iron Casting
39:35 Bodkin Arrow
39:43 Caravan
43:39 Light Cavalry
小传奇
12:06 Feudal Age
13:06 Double-Bit Axe
13:03 Horse Collar
16:15 Castle Age
16:15 Town Watch
17:54 Bow Saw
23:14 Wheelbarrow
25:33 Loom
26:09 Hand Cart
30:56 Imperial Age
28:59 Gold Mining
28:59 Stone Mining
29:19 Scale Barding Armor
29:24 Forging
30:43 Elite War Elephant
31:49 Chain Barding Armor
32:46 Iron Casting
32:46 Conscription
33:58 Bloodlines
33:48 Husbandry
34:45 Plate Barding Armor
34:14 Devotion
35:59 Blast Furnace
38:53 Light Cavalry
41:30 Hussar
43:12 Caravan
Alpenhime
7:24 Loom
10:50 Feudal Age
14:35 Castle Age
12:27 Double-Bit Axe
12:40 Domestication
20:12 Pastoralism
21:38 Bow Saw
23:00 Town Watch
23:52 Wheelbarrow
23:05 Loom
24:59 Town Watch
30:15 Imperial Age
28:08 Fletching
28:19 Padded Archer Armor
28:41 Gold Mining
28:42 Stone Mining
28:29 Crossbowman
29:16 Thumb Ring
29:07 Bodkin Arrow
28:40 Pikeman
29:21 Squires
30:07 Hand Cart
29:53 Town Patrol
30:36 Stone Shaft Mining
30:49 Leather Archer Armor
30:35 Scale Mail Armor
30:46 Forging
30:03 Heavy Cavalry Archer
32:18 Two-Man Saw
31:50 Transhumance
32:27 Chemistry
31:48 Ballistics
31:08 Treadmill Crane
32:14 Parthian Tactics
32:18 Elite Skirmisher
33:00 Bracer
33:32 Ring Archer Armor
33:19 Lamellar Armor
33:46 Conscription
33:31 Lamellar Armor
34:22 Chain Mail Armor
33:35 Heavy Rocket Cart
35:03 Iron Casting
34:14 Man-at-Arms
34:40 Gambesons
36:21 Siege Engineers
37:38 Arson
37:13 Elite Fire Lancer
38:59 Ordo Cavalry
39:29 Plate Mail Armor
39:05 Scale Barding Armor
39:27 Husbandry
38:48 Light Cavalry
38:49 Heavy Camel Rider
42:48 Hussar
43:50 Chain Barding Armor
45:00 Caravan
45:30 Coinage
45:10 Guilds
jakob
0:56 Loom
11:54 Feudal Age
13:33 Double-Bit Axe
17:52 Castle Age
22:27 Imperial Age
20:19 Horse Collar
25:49 Bow Saw
43:33 Wheelbarrow
44:48 Caravan
GamerDad
0:26 Loom
12:24 Feudal Age
14:13 Double-Bit Axe
18:12 Castle Age
16:00 Horse Collar
17:31 Wheelbarrow
19:16 Bow Saw
23:03 Heavy Plow
25:19 Gold Mining
26:22 Town Watch
27:14 Hand Cart
27:31 Stone Mining
32:19 Imperial Age
30:36 Gold Shaft Mining
30:11 Town Patrol
31:18 Ballistics
31:40 Caravan
32:24 Bloodlines
32:14 Husbandry
32:22 Thumb Ring
33:18 Masonry
32:36 Light Cavalry
34:13 Fletching
34:23 Padded Archer Armor
34:34 Forging
34:29 Scale Barding Armor
33:54 Elite Mangudai
36:00 Chemistry
35:55 Conscription
35:02 Capped Ram
36:18 Leather Archer Armor
36:49 Siege Ram
37:28 Hussar
38:02 Onager
39:41 Bodkin Arrow
40:22 Iron Casting
40:07 Chain Barding Armor
40:27 Murder Holes
41:26 Drill
43:08 Bracer
44:09 Blast Furnace
Lokatrox
10:58 Feudal Age
14:48 Castle Age
12:59 Double-Bit Axe
12:57 Horse Collar
16:18 Bow Saw
19:55 Heavy Plow
23:31 Stone Mining
23:34 Gold Mining
25:24 Wheelbarrow
24:34 Loom
26:17 Gold Shaft Mining
26:19 Stone Shaft Mining
27:17 Hand Cart
29:43 Imperial Age
27:23 Town Watch
28:36 Scale Barding Armor
28:42 Forging
28:39 Husbandry
28:50 Bloodlines
29:26 Chain Barding Armor
30:20 Iron Casting
30:07 Onager
31:10 Conscription
30:46 Stirrups
30:16 Cavalier
31:34 Plate Barding Armor
32:01 Blast Furnace
31:35 Crop Rotation
32:21 Fletching
32:34 Scale Mail Armor
33:07 Coinage
36:08 Chemistry
35:28 Ballistics
35:14 Siege Engineers
35:00 Fletching
37:16 Pikeman
37:56 Squires
37:42 Arson
37:54 Bodkin Arrow
38:14 Chain Mail Armor
38:44 Banking
38:23 Halberdier
38:48 Gambesons
40:15 Plate Mail Armor
No 1
10:59 Feudal Age
11:08 Feudal Age
15:40 Castle Age
13:32 Double-Bit Axe
14:09 Horse Collar
16:31 Heavy Plow
24:10 Wheelbarrow
28:59 Imperial Age
26:46 Hand Cart
26:49 Fletching
27:00 Padded Archer Armor
27:39 Bodkin Arrow
28:00 Leather Archer Armor
28:11 Ballistics
28:02 Masonry
28:49 Forging
28:39 Scale Mail Armor
28:45 Scale Barding Armor
30:04 Conscription
29:45 Loom
29:46 Town Watch
30:06 Stone Mining
30:06 Gold Mining
29:51 Pikeman
31:16 Cavalier
31:56 Husbandry
32:05 Squires
32:21 Chain Mail Armor
32:47 Stone Shaft Mining
34:28 Iron Casting
34:43 Elite Genoese Crossbowman
36:55 Blast Furnace
35:57 Bracer
36:53 Plate Mail Armor
37:24 Blast Furnace
37:43 Chemistry
36:41 Murder Holes
38:27 Town Patrol
39:03 Bow Saw
39:30 Chain Barding Armor
39:26 Bloodlines
40:51 Plate Barding Armor
40:21 Caravan
41:31 Two-Man Saw
42:50 Coinage
42:31 Guilds
45:13 Silk Road
Connection lost

Rejoining the realm…

Still unreachable

The connection could not be restored.

Session expired

The server has moved on; the page needs a fresh start.